Map: Acid Plant LE

Players

harstem - Winner!

  • Race: Protoss Protoss
  • Spawn Location: 11:00

Tesla (Rob)

  • Race: Protoss Protoss
  • Spawn Location: 5:00

Event: WCS Austin 2018

VOD

Have the link to the VOD?

Description

Time

  • Played on: June 1, 2018, 3:05 p.m.
  • Length: 8:01

All games in this series

Show
View Real Time Build Order
Export as new Build Order

harstem Protoss - Winner!

Build Orders: Phoenix Opening 

Get SALT Encoding   

  12  0:00  Probe  
  13  0:13  Probe  
  14  0:17  Pylon  
  14  0:24  Probe  
  15  0:32  Probe  
  15  0:37  Gateway  
  15  0:40  Probe  
  17  0:50  Assimilator  
  17  0:51  Probe  
  18  0:57  Assimilator  
  18  1:03  Probe  
  19  1:12  Gateway  
  19  1:15  Probe  
  20  1:24  Cybernetics Core  
  20  1:27  Probe  
  21  1:32  Pylon  
  21  1:35  Probe  
  22  1:43  Probe  
  22  1:52  Warp Gate  
  22  1:54  Probe  
  23  2:01  Sentry  
  26  2:08  Stalker  
  29  2:17  Pylon  
  29  2:29  Stalker  
  30  2:46  Nexus  
  30  2:50  Stalker  
  32  2:55  Probe  
  33  3:03  Stalker  
  35  3:07  Probe  
  35  3:09  Phoenix  
  35  3:12  Pylon  
  36  3:20  Probe  
  36  3:28  Sentry  
  38  3:35  Robotics Facility  
  38  3:37  Probe  
  39  3:50  Probe  
  40  3:59  Probe  
  40  4:02  Probe  
  42  4:04  Stalker, Shield Battery  
  42  4:08  Immortal  
  44  4:12  Sentry  
  44  4:13  Shield Battery  
  44  4:14  Probe  
  48  4:22  Probe  
  52  4:26  Probe  
  53  4:35  Probe  
  53  4:36  Phoenix, Pylon  
  53  4:38  Probe  
  55  4:41  Immortal  
  55  4:45  Forge  
  59  4:53  Probe  
  59  4:55  Probe  
  61  5:00  Pylon  
  61  5:05  Pylon, Probe  
  62  5:10  Immortal  
  62  5:14  Probe  
  62  5:15  Shield Battery  
  67  5:21  Probe  
  67  5:22  Protoss Ground Weapons Level 1  
  68  5:34  Pylon  
  68  5:35  Adept x2  
  70  5:37  Probe  
  73  5:48  Probe  
  73  5:49  Assimilator  
  74  5:51  Pylon  
  74  5:52  Assimilator  
  74  5:54  Observer  
  74  6:02  Probe  
  74  6:03  Warp Prism  
  76  6:05  Probe, Photon Cannon  
  77  6:16  Twilight Council  
  77  6:17  Gateway  
  79  6:20  Gateway  
  79  6:22  Probe  
  79  6:24  Probe  
  77  6:37  Stalker, Robotics Bay  
  79  6:42  Stalker  
  79  6:46  Pylon  
  81  7:04  Stalker  
  83  7:13  Probe  
  83  7:15  Observer  
  84  7:18  Probe  
  84  7:20  Nexus  
  79  7:32  Stalker x2  
  79  7:35  Stalker x2  
  77  7:48  Probe  
  69  7:59  Stalker x2  
Show
View Real Time Build Order
Export as new Build Order

Tesla Protoss 

Build Orders: Blink Stalkers 

Get SALT Encoding   

  12  0:00  Probe  
  13  0:12  Probe  
  14  0:17  Pylon  
  14  0:24  Probe  
  15  0:32  Probe  
  15  0:38  Forge  
  15  0:40  Probe  
  15  0:41  Gateway  
  17  0:52  Probe  
  17  0:56  Assimilator  
  18  1:00  Assimilator  
  18  1:04  Probe  
  19  1:14  Gateway  
  19  1:16  Probe  
  20  1:28  Cybernetics Core  
  20  1:29  Probe  
  21  1:41  Probe  
  21  1:43  Pylon  
  22  1:53  Probe  
  23  1:55  Stalker x2  
  23  2:06  Warp Gate  
  27  2:17  Pylon  
  27  2:25  Twilight Council  
  27  2:30  Stalker  
  29  2:40  Stalker  
  31  2:47  Blink  
  31  3:14  Nexus  
  31  3:21  Probe  
  32  3:35  Probe  
  32  3:37  Gateway  
  33  3:47  Probe  
  34  3:50  Stalker  
  34  3:52  Stalker  
  38  3:57  Pylon  
  38  3:59  Probe  
  39  4:15  Probe  
  40  4:25  Probe  
  40  4:27  Probe  
  40  4:29  Pylon  
  42  4:31  Stalker x2  
  42  4:37  Probe  
  46  4:39  Stalker, Probe  
  50  4:51  Probe  
  50  4:52  Probe  
  52  4:54  Stalker  
  52  4:58  Stalker  
  56  5:03  Probe  
  56  5:04  Probe  
  58  5:15  Probe  
  58  5:16  Probe  
  58  5:18  Robotics Facility  
  60  5:21  Forge  
  60  5:28  Probe  
  61  5:32  Probe  
  61  5:34  Assimilator  
  60  5:38  Assimilator  
  60  5:40  Probe  
  60  5:42  Dark Shrine  
  61  5:44  Probe  
  61  5:46  Protoss Ground Weapons Level 1  
  62  5:52  Probe  
  62  5:55  Warp Prism  
  62  5:56  Probe  
  64  6:00  Gateway  
  64  6:06  Gateway  
  64  6:09  Robotics Bay  
  66  6:13  Probe  
  66  6:15  Probe  
  66  6:16  Pylon  
  68  6:34  Robotics Facility  
  68  6:42  Probe  
  68  6:43  Stalker x3  
  75  6:48  Disruptor  
  75  6:50  Pylon  
  78  7:10  Dark Templar x2  
  78  7:12  Dark Templar  
  82  7:16  Zealot  
  82  7:17  Zealot  
  82  7:20  Pylon  
  82  7:21  Pylon  
  86  7:23  Pylon  
  70  7:38  Dark Templar  
  70  7:39  Dark Templar  
  67  7:45  Probe x2  
  67  7:49  Stalker  
  67  7:50  Zealot x2  
Tags
 
Add a new tag
Caveats
  • Supply blocks, unpowered buildings, or Contaminate may cause inaccurate times.
  • Supply counts are checked every 10 seconds.